 Dungeon Crawl Stone Soup version 0.30-a0-737-gf23d94013f (webtiles) character file.

Game seed: 12659337434770935540

289 tilp the Slasher (level 6, 0/78 HPs)
             Began as a Meteoran Fighter on Feb 2, 2023.
             Succumbed to a kobold brigand's curare-tipped dart
             ... in a sewer.
             The game lasted 00:04:32 (708 turns).

tilp the Slasher (Meteoran Fighter)                  Turns: 708, Time: 00:04:33

Health: 0/78       AC:  7    Str: 17    XL:     6   Next: 89%
Magic:  7/7        EV: 11    Int:  9    God:
Gold:   10         SH:  5    Dex: 17    Spells: 5/5 levels left

rFire   . . .      SeeInvis .    a - +1 long sword
rCold   . . .      Faith    .    c - +0 buckler
rNeg    . . .      Spirit   .    b - +0 scale mail
rPois   .          Reflect  .    (no helmet)
rElec   .          Harm     .    i - scarf {repulsion}
rCorr   .          Rampage  .    (no gloves)
Will    .....                    (no boots) Stlth
                                 (no amulet)
HPRegen 0.33/turn                (no ring)
MPRegen 0.10/turn                (no ring)

@: berserking, lethally poisoned (0 -> -3), slowed, glowing, repel missiles
A: sense surroundings 1, otherworldly, glowing, explore regen
a: no special abilities


You were in a sewer.
You visited 1 branch of the dungeon, and saw 3 of its levels.
You also visited: Sewer.

You collected 10 gold pieces.

Inventory:

Hand Weapons
 a - a +1 long sword (weapon)
Missiles
 f - 6 stones (quivered)
 g - 2 poisoned darts
 h - a curare-tipped dart
Armour
 b - a +0 scale mail (worn)
 c - a +0 buckler (worn)
 i - a scarf of repulsion (worn)
Scrolls
 d - a scroll of identify {unknown}
Potions
 j - a potion of haste {unknown}
 k - 2 potions of might
 l - a potion of heal wounds {unknown}


   Skills:
 - Level 4.0 Fighting
 * Level 4.8 Long Blades
 - Level 4.0 Armour
 * Level 3.9 Dodging
 + Level 1.5 Stealth
 - Level 4.0 Shields


You had 5 spell levels left.
You didn't know any spells.
Your spell library was empty.

Dungeon Overview and Level Annotations

Branches:
Dungeon (3/15) Zot: 1205    Sewer (1/1) Zot: 383

Altars:
Zin


Innate Abilities, Weirdness & Mutations

You passively map a small area around you.
You are easily found by Zot.
You glow in the dark.
You regain HP and MP as you explore.


Message History

You feel as though you will be slow longer.
You feel extremely sick.
The kobold splashes around in the water.
The kobold brigand hits you with a +0 short sword.
The kobold splashes around in the water.
The kobold brigand hits you with a +0 short sword.
The kobold hits you but does no damage.
There is a large open door, spattered with blood here.
Things that are here:
a +0 whip; 2 stones; a kobold corpse You feel very sick.
The kobold brigand hits you but does no damage.
You block the kobold brigand's attack.
You hit the kobold brigand.
The kobold brigand is moderately wounded.
You feel very sick. The kobold hits you but does no damage.
The kobold brigand hits you but does no damage.
The kobold misses you.
The kobold brigand hits you with a +0 short sword.
* * * LOW HITPOINT WARNING * * *
You miss the kobold brigand.
The kobold brigand is moderately wounded.
You feel sick. The kobold hits you with a +0 club.
* * * LOW HITPOINT WARNING * * *
The kobold brigand hits you with a +0 short sword.
* * * LOW HITPOINT WARNING * * *
The kobold hits you with a +0 club.
* * * LOW HITPOINT WARNING * * *
You block the kobold brigand's attack.
Unknown command.
It was a potion of berserk rage.
A red film seems to cover your vision as you go berserk!
You feel yourself moving faster!
You feel mighty!
You feel sick. The kobold hits you but does no damage.
The kobold brigand hits you with a +0 short sword.
* * * LOW HITPOINT WARNING * * *
You slice the kobold brigand!!
The kobold brigand is almost dead.
You die...

###### ###### #....#
#.!..# #..∩.# #.∩..#
#....#####....#
#....#~≈~#@K..#
##''##~~~##K'###
###..~~#~≈~~~~~..#
#)))~~~#~≈~#P~~..#
##)).~.~#~≈~#~~...#
#.......#~≈~#P~~..#
#......P#~≈~#.....#
#......~#~~~#.....#
##....P~~#~≈~#....##


You could see a kobold brigand and a kobold.

Vanquished Creatures
  2 kobold brigands (Sewer)
  7 adders (D:3)
  4 river rats (D:3)
  A worm (D:3)
  A dart slug (D:1)
  6 ball pythons
  2 endoplasms
  2 giant cockroaches
  4 goblins (D:1)
  A hobgoblin (D:2)
  4 jackals (D:1)
  11 kobolds
  A quokka (D:2)
  A bat (Sewer)
  3 frilled lizards
  4 rats
54 creatures vanquished.

Notes
Turn   | Place    | Note
-------+----------+-------------------------------------------
     0 | D:1      | tilp the Meteoran Fighter began the quest for the Orb.
     0 | D:1      | Reached XP level 1. HP: 19/19 MP: 2/2
    95 | D:1      | Reached XP level 2. HP: 26/26 MP: 3/3
   108 | D:1      | Reached skill level 1 in Dodging
   155 | D:1      | Reached XP level 3. HP: 29/31 MP: 4/4
   220 | D:2      | Found a glowing silver altar of Zin.
   402 | D:3      | Reached XP level 4. HP: 29/38 MP: 5/5
   424 | D:3      | Reached XP level 5. HP: 12/45 MP: 6/6
   474 | D:3      | Reached skill level 1 in Stealth
   515 | D:3      | Found a glowing drain.
   523 | Sewer    | Entered a sewer
   612 | Sewer    | Noticed a kobold brigand
   612 | Sewer    | Noticed a kobold brigand
   626 | Sewer    | Killed a kobold brigand
   627 | Sewer    | Reached XP level 6. HP: 29/52 MP: 7/7
   707 | Sewer    | HP: 1/78 [kobold brigand/+0 short sword (4)]
   708 | Sewer    | Succumbed to a kobold brigand's curare-tipped dart

Illustrated notes

Levels and vault maps discovered:
D:1:      roderic_chinese_lattice_arrival, layout_basic
D:2:      layout_basic, basic_altar, serial_park_tiny_pond
D:3:      layout_basic, gammafunk_ghost_nasty_kobolds,
          lightli_sewer_entry_pipes, uniq_natasha
Sewer:    kennysheep_pipe_town

Skill      XL: |  1  2  3  4  5  6 |
---------------+-------------------+-----
Dodging        | 1 2 3 |  3.9
Long Blades    | 3 4 |  4.8
Armour         | 4 |  4.0
Shields        | 4 |  4.0
Stealth        | 1 |  1.5
Fighting       | 4 |  4.0

Action                     |  1- 3 |  4- 6 || total
---------------------------+-------+-------++-------
  Melee: Long sword        |    82 |   113 ||   195
    Use: Scroll            |     2 |       ||     2
         Potion            |       |     2 ||     2
 Armour: Scale mail        |    41 |    68 ||   109
  Dodge: Dodged            |    37 |    43 ||    80
  Block: Buckler           |    14 |    49 ||    63

Table legend: (Time is in decaauts)
 A = Elapsed time spent in this place.
 B = Non-inter-level travel time spent in this place.
 C = Inter-level travel time spent in this place.
 D = Time resting spent in this place.
 E = Time spent auto-exploring this place.
 F = Levels seen in this place.
 G = Mean time per level.
                   A        B        C        D        E       F      G
               +--------+--------+--------+--------+--------+-----+--------+
         Total |    810 |    776 |     34 |      0 |      0 |   4 |  202.5 |
       Dungeon |    594 |    560 |     34 |      0 |      0 |   3 |  198.0 |
         Sewer |    216 |    216 |      0 |      0 |      0 |   1 |  216.0 |
               +--------+--------+--------+--------+--------+-----+--------+

Top non-repeatable levels by time:
     D:1: 236 daAuts
   Sewer: 216 daAuts
     D:3: 206 daAuts
     D:2: 151 daAuts
